 Dungeon Crawl Stone Soup version 0.29-a0-322-g68df515428 (webtiles) character file.

Game seed: 5035163666569676366

737 Dabor the Sneak (level 7, 0/46 HPs)
             Began as an Octopode Transmuter on Apr 9, 2022.
             Slain by Edmund
             ... wielding a +5 dire flail of protection
              (6 damage)
             ... on level 4 of the Dungeon.
             The game lasted 00:07:39 (3750 turns).

Dabor the Sneak (Octopode Transmuter)               Turns: 3750, Time: 00:07:40

Health: 0/46       AC:  1    Str:  9    XL:     7   Next: 75%
Magic:  11/11      EV: 13    Int: 16    God:
Gold:   49         SH:  0    Dex: 10    Spells: 6/12 levels left

rFire   . . .      SeeInvis .   a - +5 short sword
rCold   . . .      Faith    .   (no shield)
rNeg    + . .      Spirit   .   (helmet restricted)
rPois   .          Reflect  .   m - amulet of regeneration
rElec   .          Harm     .   s - ring of positive energy
rCorr   .          Rampage  .   (no ring)
Will    +....                   (no ring)
Stlth   ++++......              (no ring)
HPRegen 0.95/turn               (no ring)
MPRegen 0.12/turn               (no ring)
                                (no ring)
                                (no ring)

@: no status effects
A: almost no armour, amphibious, 8 rings, camouflage 1, gelatinous body 1,
(nimble swimmer 1), tentacles, clumsy 1, dopey 1, strong-willed 1
a: no special abilities


You were on level 4 of the Dungeon.
You visited 1 branch of the dungeon, and saw 4 of its levels.

You collected 133 gold pieces.
You spent 84 gold pieces at shops.

Inventory:

Hand Weapons
 a - a +5 short sword (weapon)
Missiles
 d - 3 silver javelins
 j - 5 poisoned darts
 l - 5 curare-tipped darts
Jewellery
 h - an amulet of reflection
 m - an amulet of regeneration (around mantle)
 s - a ring of positive energy (left tentacle)
Wands
 c - a wand of flame (14)
Scrolls
 b - a scroll of summoning {unknown}
 f - a scroll of fog {unknown}
 k - a scroll of noise {unknown}
 n - a scroll of enchant armour {unknown}
 q - a scroll of fear {unknown}
 r - a scroll of identify {unknown}
 t - 2 scrolls of teleportation
 u - a scroll of magic mapping
Potions
 e - a potion of might
 i - 2 potions of lignification


   Skills:
 + Level 3.2 Fighting
 - Level 2.0 Short Blades
 - Level 2.1 Dodging
 * Level 6.0 Stealth
 - Level 3.2 Unarmed Combat
 - Level 3.0 Spellcasting
 + Level 3.6 Transmutations
 * Level 4.2 Poison Magic


You had 6 spell levels left.
You knew the following spells:

 Your Spells              Type           Power      Damage    Failure   Level
a - Beastly Appendage     Tmut           28%        N/A       4%          1
b - Wereblood             Tmut           14%        N/A       6%          2
c - Spider Form           Tmut/Pois      15%        N/A       11%         3

Your spell library contained the following spells:

 Spells                   Type           Power      Damage    Failure   Level
 Gell's Gravitas          Tloc           2%         N/A       50%         3
 Teleport Other           Tloc           2%         N/A       50%         3
 Ice Form                 Ice/Tmut       8%         N/A       65%         4
 Dispersal                Tloc           1%         N/A       100%        6


Dungeon Overview and Level Annotations

Branches:
Dungeon (4/15)
 Temple: D:4-7

Altars:

Shops:
D:3 ?

Annotations:
D:4 Edmund


Innate Abilities, Weirdness & Mutations

You cannot wear most types of armour.
You are amphibious.
You can wear up to eight rings at the same time.
Your skin changes colour to match your surroundings (Stealth+).
Your rubbery body absorbs attacks. (AC +1, EV +1)
((You are camouflaged when in or above water. (Stealth+)))
You have tentacles for arms and can constrict up to eight enemies at once.
You are clumsy. (Dex -2)
You are dopey. (Int -2)
You are strong-willed. (Will+)


Message History

Unknown command.
You hit the giant cockroach.
You kill the giant cockroach!
No target in view!
No target in view!
No target in view!
This spell is dangerous to cast!
Memorise Spider Form, consuming 3 spell levels and leaving 6?
You start memorising the spell.
You continue memorising. x3
You finish memorising.
Spell assigned to 'c'.
Unknown command.
Edmund the Younger comes into view.
He is wielding a +5 dire flail of protection.
Edmund is nearby!
Edmund is nearby!
Edmund is nearby!
The helpless Edmund fails to defend himself.
You impale Edmund!! Your grab misses Edmund.
Edmund is heavily wounded.
Edmund says, "People think my brother is the best.
I think he's crazy."
Edmund hits you with a +5 dire flail of protection!
You barely miss Edmund. Your grab misses Edmund. You squeeze Edmund!
Edmund is severely wounded.
Edmund misses you.
You hit Edmund. You grab Edmund.
Edmund is severely wounded.
You constrict Edmund, but do no damage. Edmund closely misses you.
You hit Edmund but do no damage.
Edmund is severely wounded.
You constrict Edmund, but do no damage.
Edmund hits you with a +5 dire flail of protection!
You hit Edmund but do no damage.
Edmund is severely wounded.
You constrict Edmund, but do no damage.
Edmund hits you with a +5 dire flail of protection!
* * * LOW HITPOINT WARNING * * *
You hit Edmund.
Edmund is severely wounded.
You constrict Edmund, but do no damage.
Edmund hits you with a +5 dire flail of protection.
You die... #.PP≈≈≈≈≈P. .... ##P≈P≈≈≈PP# #.#. ##PPP≈PPP#

#.#.## ##≈.≈≈.##
#....# #.##.## #
#....# #.##.#
..##....#### #.##.#
......@....######.##.#
#......@.............#
...........######.####
#.###...#########.#
#.............#
#...########### #####


You could see Edmund.

Vanquished Creatures
  Grinder (D:3)
  Sigmund (D:3)
  An ogre (D:2)
  A jelly (D:4)
  2 orc priests (D:4)
  Jessica (D:3)
  Natasha (thrice) (D:3)
  An adder (D:4)
  4 worms
  6 orcs
  7 ball pythons
  7 endoplasms
  6 giant cockroaches
  6 goblins
  6 hobgoblins
  6 jackals (D:1)
  3 kobolds
  6 quokkas
  7 bats
  9 frilled lizards
  2 rats
86 creatures vanquished.

Vanquished Creatures (others)
  A ball python (D:4)
  2 demonic plants (D:1)
  A plant (D:1)
  A withered plant (D:1)
5 creatures vanquished.

Grand Total: 91 creatures vanquished

Notes
Turn   | Place    | Note
-------+----------+-------------------------------------------
     0 | D:1      | Dabor the Octopode Transmuter began the quest for the Orb.
     0 | D:1      | Reached XP level 1. HP: 13/13 MP: 3/3
   249 | D:1      | Reached XP level 2. HP: 16/18 MP: 3/5
   255 | D:1      | Learned a level 2 spell: Wereblood
   325 | D:1      | Found a faded altar of an unknown god.
   853 | D:1      | Reached skill level 1 in Stealth
   853 | D:1      | Reached XP level 3. HP: 17/23 MP: 6/6
  1732 | D:2      | Reached skill level 1 in Short Blades
  1856 | D:2      | Noticed an ogre
  1864 | D:2      | Killed an ogre
  1865 | D:2      | Reached skill level 2 in Stealth
  1865 | D:2      | Reached XP level 4. HP: 29/29 MP: 5/7
  1865 | D:2      | Reached XP level 5. HP: 34/34 MP: 5/8
  1912 | D:2      | Reached skill level 3 in Stealth
  1915 | D:2      | Identified the +0 leather armour "Axzappopt" {rN+}
  2503 | D:3      | Noticed Grinder
  2512 | D:3      | Paralysed by Grinder for 2 turns
  2638 | D:3      | Noticed Jessica
  2644 | D:3      | Killed Jessica
  2645 | D:3      | Reached skill level 1 in Poison Magic
  2714 | D:3      | Killed Grinder
  2715 | D:3      | Reached skill level 4 in Stealth
  2715 | D:3      | Reached XP level 6. HP: 33/41 MP: 8/10
  2989 | D:3      | Found Milicyith's Magic Scroll Shop.
  2996 | D:3      | Bought a scroll of teleportation for 39 gold pieces
  2996 | D:3      | Bought a scroll of magic mapping for 45 gold pieces
  3002 | D:3      | Noticed Sigmund
  3078 | D:3      | Noticed Natasha
  3083 | D:3      | Killed Natasha
  3099 | D:3      | Gained mutation: You are dopey. (Int -2) [potion of
                  | mutation]
  3099 | D:3      | Gained mutation: You are clumsy. (Dex -2) [potion of
                  | mutation]
  3099 | D:3      | Gained mutation: You are strong-willed. (Will+) [potion of
                  | mutation]
  3111 | D:3      | Killed Sigmund
  3112 | D:3      | Reached skill level 5 in Stealth
  3112 | D:3      | Reached XP level 7. HP: 25/46 MP: 11/11
  3256 | D:3      | Noticed Natasha
  3268 | D:3      | Killed Natasha
  3394 | D:3      | Noticed Natasha
  3401 | D:3      | Killed Natasha
  3636 | D:4      | Reached skill level 6 in Stealth
  3686 | D:4      | Learned a level 3 spell: Spider Form
  3741 | D:4      | Noticed Edmund
  3750 | D:4      | Slain by Edmund

Illustrated notes

Levels and vault maps discovered:
D:1:      lightli_arrival_maybe_door_vault, layout_basic,
          shapermc_ecumenical_altar_gd
D:2:      layout_basic
D:3:      layout_basic, serial_shops, shop_statue, serial_curves,
          eino_curves_03, eino_curves_01, minmay_bisected, uniq_natasha,
          uniq_grinder, uniq_sigmund, uniq_jessica
D:4:      layout_loops_ring, grunt_temple_overflow_bloody_war,
          fiery_altar_vehumet, serial_bayou_lagoon_a, uniq_blork_the_orc,
          uniq_pikel, uniq_menkaure, uniq_edmund

Skill      XL: |  1  2  3  4  5  6  7 |
---------------+----------------------+-----
Stealth        | 1 2 4 5 6 |  6.0
Short Blades   | 2 |  2.0
Fighting       | 2 3 |  3.2
Poison Magic   | 2 3 4 |  4.2
Transmutations | 3 |  3.6
Spellcasting   | 3 |  3.0
Dodging        | |  2.1
Unarmed Combat | |  3.2

Action                   |  1- 3 |  4- 6 |  7- 9 || total
-------------------------+-------+-------+-------++-------
Melee: Unarmed           |    39 |       |       ||    39
       Constrict         |    18 |    14 |     4 ||    36
       Tentacles         |    18 |    13 |     6 ||    37
       Kick              |     8 |     1 |       ||     9
       Punch             |     4 |       |     1 ||     5
       Short sword       |    54 |    65 |    30 ||   149
Throw: Javelin           |     2 |     1 |     4 ||     7
       Dart              |       |     8 |     3 ||    11
 Cast: Beastly Appendage |     6 |     1 |       ||     7
       Wereblood         |     1 |     1 |     1 ||     3
  Use: Potion            |     1 |     6 |     1 ||     8
       Scroll            |       |       |     2 ||     2
 Stab: Sleeping          |     6 |    11 |     4 ||    21
       Distracted        |     1 |       |       ||     1
Armor: Skin              |    29 |     1 |     2 ||    32
Dodge: Dodged            |    43 |    18 |    25 ||    86
Block: Other             |       |     5 |       ||     5

Table legend: (Time is in decaauts)
 A = Elapsed time spent in this place.
 B = Non-inter-level travel time spent in this place.
 C = Inter-level travel time spent in this place.
 D = Time resting spent in this place.
 E = Time spent auto-exploring this place.
 F = Levels seen in this place.
 G = Mean time per level.
                   A        B        C        D        E       F      G
               +--------+--------+--------+--------+--------+-----+--------+
         Total |   3770 |   3508 |    262 |    213 |   2354 |   4 |  942.5 |
       Dungeon |   3770 |   3508 |    262 |    213 |   2354 |   4 |  942.5 |
               +--------+--------+--------+--------+--------+-----+--------+

Top non-repeatable levels by time:
     D:1: 1691 daAuts
     D:3: 931 daAuts
     D:2: 890 daAuts
     D:4: 256 daAuts
